 Dungeon Sprint DCSS version 0.28-a0-863-g8cecda6153 (webtiles) character file.

Game seed: 802163823419974630

6600000 Turgor the Axe Maniac (level 25, -6/214 HPs)
             Began as a Djinni Ice Elementalist on Nov 16, 2021.
             Was the Champion of Makhleb.
             Mangled by The Servant (48 damage)
             ... in the Dungeon (Sprint VIII: "Arena of Blood").
             The game lasted 00:10:04 (66 turns).

Turgor the Axe Maniac (Djinni Ice Elementalist)       Turns: 66, Time: 00:10:05

Health: -6/214     AC:  4    Str:  7    XL:     25   Next: 1%
Gold:   0          EV: 28    Int: 27    God:    Makhleb [******] SH:  0 Dex: 16

rFire   + + .      SeeInvis .   g - +∞ Axe of Woe
rCold   x . .      Faith    .   (shield currently unavailable)
rNeg    . . .      Spirit   .   a - +0 robe
rPois   ∞          Reflect  .   (no helmet)
rElec   .          Harm     .   (no cloak)
rCorr   .          Rampage  .   (no gloves)
Will    ++...      NoTele   +   (boots unavailable)
Stlth   ++++++++++              (no amulet)
HPRegen 0.45/turn               (no ring)
MPRegen 0.00/turn               (no ring)

@: flying, hasted and slowed
A: sickness immunity, fire resistance 2, cold vulnerability 1, float, innate
caster, hp casting, extra vitality 1
a: Renounce Religion, Minor Destruction, Lesser Servant of Makhleb, Major
Destruction, Greater Servant of Makhleb


You were in the Dungeon.
You worshipped Makhleb.
Makhleb was exalted by your worship.
You visited 1 branch

Inventory:

Hand Weapons
 g - the +∞ Axe of Woe (weapon)
   (You found it in the Dungeon)
Armour
 a - a +0 robe (worn)
Scrolls
 f - a scroll of blinking
Potions
 b - a potion of curing
 e - a potion of berserk rage


   Skills:
 O Level 27 Fighting
 O Level 27 Axes
 O Level 27 Maces & Flails
 O Level 27 Polearms
 + Level 12.9(27) Staves
 O Level 27 Armour
 O Level 27 Dodging
 O Level 27 Stealth
 O Level 27 Unarmed Combat
 O Level 27 Spellcasting
 O Level 27 Invocations
 + Level 14.0 Evocations


You had 5 spell levels left.
You knew the following spells:

 Your Spells              Type           Power      Damage    Failure   Level
a - Freeze                Ice            100%       1d11      0%          1
b - Frozen Ramparts       Ice            100%       1d12      0%          3
c - Ozocubu's Armour      Ice            100%       N/A       0%          3
d - Hailstorm             Conj/Ice       100%       3d20      0%          4
e - Slow                  Hex            100%       N/A       0%          1
f - Searing Ray           Conj           100%       2d8       0%          2
g - Mephitic Cloud        Conj/Pois/Air  100%       N/A       0%          3
h - Portal Projectile     Hex/Tloc       100%       N/A       0%          3
i - Yara's Violent Unrav  Hex/Tmut       55%        3d21      0%          5
j - Summon Mana Viper     Hex/Summ       100%       N/A       0%          5
k - Statue Form           Tmut/Erth      73%        N/A       0%          6
l - Conjure Ball Lightni  Conj/Air       55%        3x3d20    0%          6
m - Monstrous Menagerie   Summ           55%        N/A       0%          7
n - Borgnjor's Revivific  Necr           55%        N/A       1%          8
o - Haunt                 Necr/Summ      55%        N/A       0%          7
p - Polar Vortex          Ice            55%        N/A       1%          9
Your spell library was empty.

Dungeon Overview and Level Annotations

Branches:
Dungeon (1/1)

Altars:
Makhleb

Annotations:
D The Servant


Innate Abilities, Weirdness & Mutations

You are immune to sickness and miasma.
You are immune to poison.
Your flesh is very heat resistant. (rF++)
You are vulnerable to cold. (rC-)
You float through the air rather than walking.
You learn spells naturally, not from books.
Your magical power is your life essence.
You have superior vitality. (+4 HP)


Message History

The meat berserker convulses!
Your body is wracked with pain!
* * * LOW HITPOINT WARNING * * *
You hear a shout!
You hear two shouts!
You hear a shout! x2
Unknown command.
You hit the meat berserker but do no damage.
You cleave the meat berserker in twain.
You kill the meat berserker!
Makhleb accepts your kill.
You feel better.
You hit the large abomination but do no damage.
You fatally mangle the large abomination.
You destroy the large abomination!
The large abomination disappears in a puff of smoke!
You hear a shout! x2
The large abomination disappears in a puff of smoke! x2
You hear a shout! x3
A bag of meat comes into view. It is wielding a +9 war axe.
The tyrant gestures wildly while chanting.
A large bag of meat comes into view. It is wielding a +9 giant spiked club.
You hear a shout!
A bag of meat comes into view. It is wielding a +9 war axe.
You hear a shout! x5; You hear two shouts!
Unknown command.
The bag of meat shouts! x2
You slice the tyrant!! You chop the tyrant into pieces.
You destroy the tyrant!
Makhleb accepts your kill.
You feel better.
The large abomination disappears in a puff of smoke! x3
The tentacled monstrosity disappears in a puff of smoke!
The large abomination disappears in a puff of smoke!
The tentacled monstrosity disappears in a puff of smoke!
The large abomination disappears in a puff of smoke!
You hear a shout!
You hear two shouts!
You hear a shout! x2
The eight-headed meat hydra calls on the powers of darkness!
The eight-headed meat hydra convulses!
The bag of meat convulses! x6
The Servant convulses!
Your body is wracked with pain!
* * * LOW HITPOINT WARNING * * *
The Servant hits you from afar with a +9 glaive of flaming!!!
You die... .X.. .. o.. .. #.. .# . #Do

.§# .o###.o
..###.
..LXooo###o§....
....X@X§_§§.....
....#))§.§#....
. #_@<§_# .
#)§)§.#
....._......
..O...###......
O.###.. ..###. o
#.. ..# #.. ..#
... ..


You could see 2 tentacled monstrosities, a tyrant, The Servant, an eight-headed
meat hydra, a large bag of meat (inner flame), a large abomination (summoned), a
meat berserker (berserk) and 8 bags of meat.

Vanquished Creatures
  2 royal mummies (D)
  4 vampire knights (D)
  19 ogres (D)
  6 two-headed ogres (D)
  3 liches (D)
  20 orcs (D)
  2 skeletal warriors (D)
56 creatures vanquished.

Vanquished Creatures (others)
  2 ogres (D)
  2 two-headed ogres (D)
  An orc (D)
  3 ball lightnings (D)
8 creatures vanquished.

Grand Total: 64 creatures vanquished

Notes
Turn   | Place    | Note
-------+----------+-------------------------------------------
     0 | D        | Found the +∞ Axe of Woe
     0 | D        | Turgor the Djinni Ice Elementalist began the quest for the
                  | Orb.
     0 | D        | Reached XP level 1. HP: 15/15 MP: 0/0
     4 | D        | Became a worshipper of Makhleb the Destroyer
     7 | D        | Noticed a bag of meat
     8 | D        | Killed a bag of meat
     8 | D        | Noticed a bag of meat
     9 | D        | Reached XP level 2. HP: 38/38 MP: 0/0
     9 | D        | Reached XP level 3. HP: 43/43 MP: 0/0
     9 | D        | Learned a level 1 spell: Slow
     9 | D        | Reached XP level 4. HP: 49/49 MP: 0/0
     9 | D        | Reached XP level 5. HP: 55/55 MP: 0/0
     9 | D        | Learned a level 2 spell: Searing Ray
     9 | D        | Reached XP level 6. HP: 61/61 MP: 0/0
     9 | D        | Reached XP level 7. HP: 66/66 MP: 0/0
     9 | D        | Learned a level 3 spell: Mephitic Cloud
     9 | D        | Reached XP level 8. HP: 72/72 MP: 0/0
     9 | D        | Reached XP level 9. HP: 77/77 MP: 0/0
     9 | D        | Learned a level 3 spell: Portal Projectile
     9 | D        | Reached XP level 10. HP: 84/84 MP: 0/0
     9 | D        | Reached XP level 11. HP: 89/89 MP: 0/0
     9 | D        | Learned a level 5 spell: Yara's Violent Unravelling
     9 | D        | Noticed a bag of meat
    11 | D        | Noticed a bag of meat
    12 | D        | Killed a bag of meat
    12 | D        | Reached * piety under Makhleb
    12 | D        | Killed a bag of meat
    12 | D        | Noticed a bag of meat
    13 | D        | Reached XP level 12. HP: 91/101 MP: 0/0
    13 | D        | Reached XP level 13. HP: 95/106 MP: 0/0
    13 | D        | Learned a level 5 spell: Summon Mana Viper
    13 | D        | Noticed a bag of meat
    14 | D        | Noticed a meat berserker
    15 | D        | Noticed a meat berserker
    15 | D        | Noticed a bag of meat
    16 | D        | Noticed a bag of meat
    16 | D        | Killed a meat berserker
    16 | D        | Noticed a bag of meat
    16 | D        | Noticed a meat berserker
    16 | D        | Noticed a bag of meat
    17 | D        | Reached XP level 14. HP: 117/117 MP: 0/0
    17 | D        | Noticed a meat berserker
    18 | D        | Killed a bag of meat
    18 | D        | Reached ** piety under Makhleb
    18 | D        | Noticed a meat berserker
    18 | D        | Noticed a bag of meat
    19 | D        | Killed a meat berserker
    19 | D        | Killed a meat berserker
    19 | D        | Noticed a bag of meat
    20 | D        | Reached skill level 15 in Spellcasting
    20 | D        | Reached XP level 15. HP: 130/130 MP: 0/0
    20 | D        | Learned a level 6 spell: Statue Form
    20 | D        | Killed a meat berserker
    20 | D        | Reached *** piety under Makhleb
    20 | D        | Noticed a large bag of meat
    20 | D        | Noticed a meat berserker
    21 | D        | Reached XP level 16. HP: 140/140 MP: 0/0
    21 | D        | Noticed a meat berserker
    22 | D        | Killed a meat berserker
    23 | D        | Reached **** piety under Makhleb
    23 | D        | Noticed a destroyer
    24 | D        | Reached XP level 17. HP: 77/149 MP: 0/0
    24 | D        | Learned a level 6 spell: Conjure Ball Lightning
    24 | D        | Noticed a large bag of meat
    25 | D        | Killed a meat berserker
    25 | D        | Reached ***** piety under Makhleb
    26 | D        | Reached skill level 27 in Axes
    26 | D        | Reached skill level 10 in Invocations
    27 | D        | Noticed a large bag of meat
    28 | D        | Killed a large bag of meat
    28 | D        | Killed a large bag of meat
    28 | D        | Killed a meat berserker
    28 | D        | Noticed a large bag of meat
    29 | D        | Reached skill level 27 in Fighting
    29 | D        | Reached skill level 27 in Dodging
    29 | D        | Reached XP level 18. HP: 68/167 MP: 0/0
    29 | D        | Killed a destroyer
    30 | D        | Reached XP level 19. HP: 118/174 MP: 0/0
    30 | D        | Learned a level 7 spell: Monstrous Menagerie
    30 | D        | Noticed a destroyer
    30 | D        | Killed a destroyer
    30 | D        | Noticed a destroyer
    31 | D        | Reached skill level 15 in Armour
    31 | D        | Noticed a sculptor of flesh
    32 | D        | Reached ****** piety under Makhleb
    32 | D        | Noticed a meat berserker
    32 | D        | Noticed a meat berserker
    33 | D        | Reached XP level 20. HP: 162/181 MP: 0/0
    35 | D        | Killed a large bag of meat
    35 | D        | Killed a meat berserker
    36 | D        | Reached skill level 27 in Spellcasting
    36 | D        | Reached skill level 27 in Invocations
    36 | D        | Noticed a large bag of meat
    36 | D        | Noticed a meat berserker
    37 | D        | Killed a large bag of meat
    38 | D        | Reached XP level 21. HP: 173/187 MP: 0/0
    38 | D        | Learned a level 8 spell: Borgnjor's Revivification
    38 | D        | Killed a meat berserker
    39 | D        | Reached skill level 27 in Armour
    39 | D        | Killed a destroyer
    41 | D        | Noticed a meat berserker
    42 | D        | Killed a meat berserker
    42 | D        | Killed a large bag of meat
    42 | D        | Noticed a meat berserker
    42 | D        | Noticed a destroyer
    43 | D        | Reached skill level 10 in Unarmed Combat
    43 | D        | Reached XP level 22. HP: 179/194 MP: 0/0
    43 | D        | Noticed a meat berserker
    44 | D        | Noticed a meat berserker
    45 | D        | Reached skill level 10 in Maces & Flails
    45 | D        | Reached skill level 10 in Polearms
    45 | D        | Noticed a large bag of meat
    46 | D        | Killed a meat berserker
    46 | D        | Noticed an eight-headed meat hydra
    47 | D        | Killed a meat berserker
    47 | D        | Killed a large bag of meat
    47 | D        | Killed a meat berserker
    47 | D        | Noticed a tyrant
    48 | D        | Reached XP level 23. HP: 185/201 MP: 0/0
    48 | D        | Learned a level 7 spell: Haunt
    49 | D        | Killed a destroyer
    50 | D        | Reached skill level 27 in Stealth
    51 | D        | Noticed an accursed
    52 | D        | Noticed The Servant
    52 | D        | Noticed a tyrant
    54 | D        | Killed an accursed
    56 | D        | Reached XP level 24. HP: 51/208 MP: 0/0
    57 | D        | Noticed a tyrant
    58 | D        | Killed a tyrant
    58 | D        | Killed a large bag of meat
    58 | D        | Noticed an accursed
    59 | D        | Reached skill level 27 in Unarmed Combat
    59 | D        | Killed a tyrant
    59 | D        | Killed a large bag of meat
    60 | D        | HP: 7/208 [accursed/divine providence (7)]
    61 | D        | Noticed a tyrant
    62 | D        | Noticed a large bag of meat
    63 | D        | Killed an accursed
    64 | D        | Reached skill level 27 in Maces & Flails
    64 | D        | Reached skill level 27 in Polearms
    64 | D        | Reached XP level 25. HP: 38/214 MP: 0/0
    64 | D        | Learned a level 9 spell: Polar Vortex
    65 | D        | Noticed a large bag of meat
    66 | D        | Killed a tyrant
    66 | D        | Mangled by The Servant

Illustrated notes

Levels and vault maps discovered:
D:        meatsprint

Skill      XL: |  1  2  3  4  5  6  7  8  9 10 11 12 13 14 15 16 17 18 19 20 21 22 23 24 |
---------------+-------------------------------------------------------------------------+-----
Fighting       | 11 14 16 19 21 22 27 | 27.0
Axes           | 14 17 19 22 24 26 27 | 27.0
Dodging        | 13 16 18 21 22 24 27 | 27.0
Spellcasting   | 9 12 13 15 16 18 22 23 25 27 | 27.0
Invocations    | 17 20 24 27 | 27.0
Armour         | 11 17 26 27 | 27.0
Stealth        | 22 25 27 | 27.0
Maces & Flails | 9 16 22 27 | 27.0
Polearms       | 9 16 22 27 | 27.0
Unarmed Combat | 10 19 26 27 | 27.0
Staves         | 12 | 12.9
Evocations     | 14 | 14.0

Action                   |  1- 3 |  4- 6 |  7- 9 | 10-12 | 13-15 | 16-18 | 19-21 | 22-24 | 25-27 || total
-------------------------+-------+-------+-------+-------+-------+-------+-------+-------+-------++-------
Melee: Executioner's axe |     1 |       |       |     1 |     4 |     6 |     9 |    16 |     3 ||    40
 Cast: Ozocubu's Armour  |       |       |       |     1 |       |     1 |       |       |       ||     2
       Hailstorm         |       |       |       |     1 |       |       |       |       |       ||     1
       Frozen Ramparts   |       |       |       |     1 |       |       |       |       |       ||     1
       Summon Mana Viper |       |       |       |       |     2 |       |       |       |       ||     2
       Conjure Ball Ligh |       |       |       |       |       |     1 |       |       |       ||     1
       Monstrous Menager |       |       |       |       |       |       |     4 |       |       ||     4
       Slow              |       |       |       |       |       |       |       |     2 |       ||     2
       Haunt             |       |       |       |       |       |       |       |     1 |       ||     1
  Use: Potion            |       |       |       |       |       |       |       |     2 |       ||     2
Armor: Robe              |       |       |       |       |       |       |       |     1 |       ||     1
Dodge: Dodged            |       |       |       |       |       |       |       |     1 |       ||     1

Table legend: (Time is in decaauts)
 A = Elapsed time spent in this place.
 B = Non-inter-level travel time spent in this place.
 C = Inter-level travel time spent in this place.
 D = Time resting spent in this place.
 E = Time spent auto-exploring this place.
 F = Levels seen in this place.
 G = Mean time per level.
                   A        B        C        D        E       F      G
               +--------+--------+--------+--------+--------+-----+--------+
         Total |     58 |     58 |      0 |      0 |      0 |   1 |   58.0 |
       Dungeon |     58 |     58 |      0 |      0 |      0 |   1 |   58.0 |
               +--------+--------+--------+--------+--------+-----+--------+

Top non-repeatable levels by time:
       D: 58 daAuts
